Description

3:30 rine tank lib push

Replay - Abiogenesis LE (PvT) M ST Lib push SALTKING

Build Order

Get SALT Encoding   

  12  0:00  SCV  
  13  0:13  SCV  
  14  0:17  Supply Depot  
  14  0:25  SCV  
  15  0:31  Refinery  
  15  0:38  SCV  
  16  0:46  Barracks  
  16  0:50  SCV  
  17  0:57  Refinery  
  17  1:03  SCV  
  18  1:15  SCV  
  19  1:27  SCV  
  20  1:33  Barracks Reactor  
  20  1:39  Factory  
  21  1:42  Orbital Command  
  20  1:49  Supply Depot  
  20  2:11  SCV  
  21  2:16  Marine x2  
  23  2:23  Factory Tech Lab  
  23  2:25  Starport  
  23  2:27  SCV  
  24  2:34  Marine x2  
  26  2:43  Siege Tank  
  29  2:49  Supply Depot  
  29  2:54  Liberator  
  29  2:57  Marine  
  31  3:10  Marine x2  
  35  3:18  Supply Depot  
  39  3:27  Siege Tank  
  39  3:37  Bunker  
  39  3:40  Marine x2  
  39  3:41  Liberator  
  41  3:46  Supply Depot  
  41  4:00  Marine  
  47  4:15  Bunker  
  47  4:23  Liberator  
  47  4:24  Bunker  
  48  4:31  Siege Tank  
  56  5:01  Bunker  
  61  5:26  Barracks  
Spawning Tool Build Advisor. Get it on Overwolf

Go to:

Details

  • Created by: silverhorn  
  • Published on: Jul 07, 2018
  • Modified on: Aug 04, 2018
  • Patch: 4.0.0
Show
View Real Time Build Order
Export as new Build Order

Comments (0)

There are no comments. Be the first!

Create an account to comment!